Map: Blackrock LE

Players

RipNHammer - Winner!

  • Race: Terran Terran
  • League: Master
  • Spawn Location: 7:00

ViruS

  • Race: Zerg Zerg
  • League: Grandmaster
  • Spawn Location: 1:00

VOD

Have the link to the VOD?

Description

Time

  • Played on: Sept. 5, 2026, 4 p.m.
  • Length: 18:09
Show
View Real Time Build Order
Export as new Build Order

RipNHammer Terran - Winner!

Build Orders: Reaper Expand, Mech 

Get SALT Encoding   

  8  0:00  SCV  
  9  0:12  SCV  
  10  0:24  SCV  
  11  0:37  SCV  
  11  0:41  Supply Depot  
  12  0:49  SCV  
  13  0:56  Refinery  
  13  1:02  SCV  
  14  1:05  Barracks  
  14  1:15  SCV  
  15  1:27  SCV  
  16  1:39  SCV  
  17  1:52  Orbital Command  
  17  1:53  Reaper  
  18  2:06  Command Center  
  18  2:18  SCV  
  19  2:26  Factory  
  19  2:30  SCV  
  19  2:36  Refinery, Barracks Reactor  
  20  2:45  SCV  
  20  2:46  Supply Depot  
  21  3:08  SCV  
  22  3:19  Starport, Orbital Command  
  22  3:20  SCV  
  22  3:22  Hellion  
  22  3:25  Hellion  
  27  3:32  SCV  
  28  3:44  SCV  
  28  3:46  Hellion  
  28  3:47  SCV  
  34  3:48  Hellion  
  34  3:56  SCV, Viking  
  34  3:59  SCV  
  38  4:04  Supply Depot  
  38  4:08  SCV  
  39  4:13  SCV  
  38  4:24  SCV  
  38  4:30  Fusion Core  
  38  4:32  Starport Tech Lab  
  38  4:34  SCV  
  38  4:35  Refinery  
  38  4:36  Supply Depot, SCV  
  38  4:37  Refinery  
  40  4:45  Hellion x2  
  44  4:46  SCV  
  44  4:48  SCV  
  46  4:53  Supply Depot  
  46  4:55  Starport  
  46  5:01  SCV  
  46  5:02  SCV  
  46  5:04  Cloaking Field  
  48  5:13  SCV  
  47  5:24  SCV, Command Center  
  47  5:26  SCV  
  49  5:28  Banshee  
  49  5:31  Factory  
  52  5:36  SCV  
  52  5:40  SCV  
  54  5:43  Factory  
  54  5:48  SCV  
  57  5:50  Hellion x2  
  57  5:52  SCV  
  60  6:00  SCV  
  61  6:05  SCV  
  61  6:09  Engineering Bay  
  62  6:11  Banshee  
  62  6:12  SCV  
  62  6:16  Factory Tech Lab  
  66  6:21  Supply Depot  
  66  6:22  Hellion x2  
  70  6:26  SCV x2  
  70  6:28  Factory Tech Lab  
  72  6:34  Factory  
  70  6:50  Hellion x2, Cyclone  
  70  6:51  Cyclone, Mag-Field Accelerator  
  70  6:53  Infernal Pre-Igniter  
  72  6:56  SCV x2  
  72  7:01  Missile Turret  
  74  7:18  SCV  
  74  7:22  Armory  
  75  7:23  Supply Depot  
  75  7:24  Cyclone  
  75  7:25  Cyclone  
  81  7:31  Cyclone  
  81  7:32  Hellion x2  
  88  7:37  SCV  
  88  7:39  Missile Turret  
  88  7:41  Refinery, SCV  
  88  7:42  Missile Turret, Refinery  
  90  7:50  SCV  
  91  7:53  SCV, Hellion  
  91  7:54  SCV  
  91  7:56  Siege Tank  
  98  8:00  Cyclone  
  98  8:02  SCV  
  102  8:10  Supply Depot  
  102  8:13  Siege Tank  
  102  8:18  SCV, Missile Turret  
  102  8:19  Factory  
  106  8:24  Hellion x2  
  102  8:42  Cyclone, Siege Tank  
  102  8:43  Orbital Command  
  102  8:45  Hellion  
  102  8:46  Cyclone  
  110  8:50  SCV  
  110  8:54  Missile Turret  
  111  9:05  SCV x2  
  111  9:07  Supply Depot  
  111  9:09  Missile Turret  
  113  9:11  SCV  
  114  9:17  SCV x2  
  114  9:19  Cyclone  
  119  9:29  Cyclone, Hellion  
  124  9:34  Cyclone  
  127  9:39  Factory Tech Lab, Supply Depot  
  127  9:46  Terran Vehicle Weapons Level 1  
  127  9:47  SCV x2  
  124  10:02  Supply Depot  
  124  10:03  Sensor Tower  
  124  10:04  SCV  
  125  10:09  Cyclone, Siege Tank, Hellion  
  125  10:10  SCV  
  125  10:14  Missile Turret  
  134  10:15  Missile Turret  
  131  10:28  SCV  
  130  10:29  Missile Turret  
  130  10:36  Cyclone, Siege Tank, Hellion  
  138  10:44  Cyclone, Siege Tank, Hellion  
  138  10:49  SCV  
  147  10:51  Armory  
  147  10:53  SCV x2  
  149  11:01  SCV  
  147  11:08  Cyclone  
  147  11:11  Command Center  
  150  11:15  Supply Depot  
  150  11:19  Siege Tank, Supply Depot, Missile Turret  
  153  11:27  Cyclone, Siege Tank  
  159  11:35  Hellion  
  157  11:42  Siege Tank, Hellion  
  158  11:51  Cyclone  
  149  12:08  Cyclone, Siege Tank, Hellion  
  156  12:13  Missile Turret  
  156  12:18  Missile Turret, Cyclone, Hellion  
  156  12:20  Terran Vehicle Weapons Level 2  
  161  12:23  Siege Tank  
  164  12:32  Supply Depot  
  164  12:35  Terran Vehicle And Ship Armor Level 1  
  164  12:40  Cyclone  
  165  12:51  Cyclone, Siege Tank, Hellion  
  146  13:04  Cyclone  
  130  13:10  Hellion  
  130  13:12  Cyclone  
  126  13:16  SCV x2  
  126  13:17  SCV  
  129  13:23  Siege Tank  
  132  13:28  SCV x2  
  132  13:31  Cyclone  
  137  13:45  Cyclone, Siege Tank, Hellion  
  142  13:56  Cyclone, Hellion  
  134  14:03  Siege Tank  
  134  14:07  Hellion  
  137  14:17  Cyclone, Siege Tank  
  137  14:18  SCV x3  
  137  14:24  Hellion  
  148  14:25  Missile Turret  
  148  14:28  Cyclone  
  148  14:30  SCV x2  
  148  14:31  SCV  
  154  14:35  Siege Tank  
  157  14:45  Missile Turret  
  157  14:49  Cyclone, Siege Tank, Hellion  
  157  14:50  SCV x2  
  157  14:52  Planetary Fortress  
  167  14:56  Hellion  
  172  15:10  Supply Depot  
  172  15:12  Supply Depot, Missile Turret  
  175  15:16  Terran Vehicle Weapons Level 3  
  175  15:28  Thor x2  
  178  15:34  Thor  
  160  15:58  Thor  
  160  15:59  Hellion x2  
  136  16:16  Cyclone, Siege Tank  
  136  16:18  Hellion  
  142  16:21  Refinery x2  
  142  16:25  Command Center  
  144  16:33  Hellion, Command Center  
  144  16:35  Hellion  
  144  16:38  Starport Reactor  
  144  16:39  Factory x2, Cyclone  
  149  16:41  Siege Tank  
  149  16:44  Missile Turret  
  152  16:51  Cyclone, Siege Tank  
  160  16:54  Hellion  
  160  16:56  Sensor Tower  
  160  16:57  SCV  
  160  16:59  SCV  
  162  17:07  Hellion  
  164  17:20  Refinery  
  154  17:46  Factory Tech Lab, Hellion  
  154  17:47  Factory Reactor  
Show
View Real Time Build Order
Export as new Build Order

ViruS Zerg 

Build Orders: Hatch First, Brood Lord Corruptor 

Get SALT Encoding   

  8  0:00  Drone  
  9  0:10  Drone  
  10  0:16  Drone  
  11  0:22  Drone  
  12  0:32  Overlord  
  12  0:51  Drone x3  
  15  1:13  Hatchery  
  15  1:18  Drone  
  15  1:20  Drone  
  15  1:24  Drone  
  17  1:38  Spawning Pool  
  16  1:41  Drone  
  16  1:45  Drone  
  18  1:49  Extractor  
  18  1:53  Drone  
  18  2:02  Drone  
  19  2:11  Overlord  
  19  2:25  Queen, Zergling x2  
  19  2:26  Zergling x2  
  19  2:29  Queen  
  25  2:32  Drone  
  26  2:37  Drone  
  26  2:43  Drone  
  28  2:50  Metabolic Boost  
  28  2:52  Drone x2  
  30  3:03  Drone x2  
  31  3:09  Overlord  
  31  3:22  Hatchery  
  31  3:25  Drone  
  31  3:32  Drone x3  
  31  3:33  Drone  
  35  3:36  Pneumatized Carapace  
  35  3:44  Overlord, Drone  
  35  3:45  Drone  
  37  3:52  Queen  
  39  3:57  Overlord  
  39  4:05  Drone  
  39  4:06  Drone x3  
  39  4:07  Drone  
  44  4:10  Zergling x4  
  44  4:20  Zergling x6  
  43  4:24  Drone  
  43  4:34  Drone  
  44  4:40  Drone  
  44  4:41  Drone x2, Queen  
  44  4:44  Lair  
  49  4:46  Drone x3  
  49  4:50  Evolution Chamber  
  51  4:54  Overlord  
  51  5:01  Overlord x2  
  51  5:05  Drone  
  51  5:06  Overlord  
  51  5:17  Zergling x12  
  55  5:21  Zerg Missile Weapons Level 1  
  55  5:22  Queen  
  55  5:24  Extractor  
  56  5:28  Drone x3  
  56  5:29  Drone x2  
  56  5:33  Extractor  
  60  5:40  Drone  
  60  5:41  Drone  
  62  5:47  Zergling x8  
  66  5:54  Overlord  
  66  5:55  Zergling x8  
  71  5:57  Drone x6  
  74  6:05  Spire  
  74  6:08  Drone x3  
  76  6:11  Extractor  
  76  6:17  Drone  
  76  6:18  Drone x2  
  77  6:22  Spore Crawler  
  77  6:26  Spore Crawler  
  77  6:31  Spore Crawler  
  75  6:34  Spore Crawler  
  75  6:35  Spore Crawler  
  75  6:38  Spore Crawler  
  66  6:47  Queen x3  
  71  6:56  Overlord x3  
  71  6:58  Drone x5  
  76  7:14  Zerg Flyer Weapons Level 1  
  76  7:17  Mutalisk  
  76  7:18  Mutalisk x4  
  86  7:30  Mutalisk x2  
  86  7:31  Mutalisk  
  86  7:34  Drone x2  
  86  7:35  Drone  
  86  7:36  Drone x6  
  101  7:46  Overseer  
  101  7:48  Overseer  
  101  7:49  Zerg Ground Armor Level 1  
  101  7:53  Spine Crawler  
  101  7:54  Drone  
  101  7:55  Drone  
  101  7:56  Extractor  
  98  8:04  Hatchery  
  97  8:07  Drone x2  
  97  8:14  Drone x4  
  97  8:15  Drone x2  
  97  8:18  Mutalisk x2  
  97  8:19  Mutalisk  
  109  8:32  Mutalisk  
  107  8:40  Zergling x16  
  107  8:41  Zergling x6  
  114  8:48  Drone  
  115  8:50  Extractor  
  115  8:54  Overlord x3  
  115  8:55  Roach Warren  
  113  9:02  Drone x2  
  115  9:03  Baneling Nest  
  115  9:07  Drone  
  115  9:15  Mutalisk  
  115  9:16  Mutalisk x5  
  122  9:38  Glial Reconstitution  
  122  9:43  Drone x8  
  122  9:44  Drone x5, Overlord  
  122  9:45  Overlord  
  122  10:01  Roach x2  
  122  10:02  Roach x2  
  122  10:06  Roach x4  
  138  10:07  Infestation Pit  
  138  10:09  Extractor  
  138  10:11  Extractor  
  138  10:12  Roach x3  
  141  10:15  Roach x4  
  141  10:16  Roach  
  147  10:25  Drone x4  
  151  10:32  Overlord x2  
  151  10:35  Zerg Missile Weapons Level 2  
  151  10:38  Centrifugal Hooks, Hatchery  
  151  10:39  Evolution Chamber  
  151  10:40  Hatchery  
  146  10:43  Infestor x3  
  146  10:47  Overlord  
  150  10:50  Hive  
  150  10:57  Roach  
  150  10:58  Roach x7, Spine Crawler  
  165  11:10  Drone x5  
  165  11:11  Drone x2  
  172  11:12  Spine Crawler  
  172  11:14  Roach x2  
  172  11:15  Overlord  
  172  11:16  Overlord x4  
  175  11:23  Burrow, Zerg Ground Armor Level 2  
  173  11:43  Zergling x30  
  173  11:44  Zergling x16  
  186  12:08  Greater Spire  
  186  12:11  Baneling x10  
  186  12:12  Baneling x8  
  186  12:15  Ravager x3  
  188  12:17  Ravager x7  
  188  12:20  Baneling x2  
  188  12:21  Baneling x2  
  196  12:25  Drone x3  
  199  12:35  Hatchery  
  159  12:56  Zergling x22  
  159  12:57  Zergling x18  
  164  13:15  Drone  
  164  13:16  Drone x5  
  170  13:22  Drone x2  
  170  13:23  Drone x2, Hatchery x2  
  170  13:24  Zerg Flyer Armor Level 1  
  170  13:25  Baneling x4  
  170  13:26  Baneling x2  
  172  13:34  Drone x5  
  175  13:36  Spine Crawler  
  175  13:37  Spine Crawler  
  175  13:39  Spine Crawler  
  174  13:45  Zergling x12  
  156  14:06  Corruptor  
  156  14:07  Corruptor x8  
  156  14:08  Corruptor  
  176  14:15  Extractor  
  176  14:16  Extractor  
  174  14:17  Spine Crawler  
  174  14:18  Spine Crawler  
  174  14:19  Spine Crawler  
  161  14:43  Zerg Ground Armor Level 3  
  161  14:51  Brood Lord x10  
  180  14:57  Corruptor  
  180  14:58  Corruptor  
  184  15:01  Zergling x12  
  184  15:02  Zergling x4  
  184  15:03  Corruptor  
  184  15:06  Corruptor  
  196  15:13  Overseer  
  196  15:14  Overseer x2  
  196  15:20  Drone x3  
  193  15:37  Zergling x16  
  193  15:38  Zergling x2  
  189  15:47  Extractor  
  172  15:59  Corruptor x2  
  172  16:00  Corruptor x2  
  153  16:06  Roach  
  153  16:07  Roach x18  
  153  16:08  Roach x5  
  153  16:09  Zergling x2  
  153  16:10  Zergling x2  
  160  16:29  Drone x9  
  169  16:42  Ravager  
  169  16:43  Ravager x6  
  169  16:44  Ravager  
  177  16:52  Ultralisk Cavern  
  176  16:55  Zergling x2  
  176  16:56  Zergling x12  
  176  17:00  Baneling  
  176  17:01  Baneling x15  
  183  17:02  Baneling x2  
  183  17:03  Baneling  
  183  17:04  Baneling  
  183  17:05  Baneling x3  
  183  17:06  Baneling  
  183  17:07  Hatchery  
  182  17:25  Hatchery  
  174  17:44  Roach x13  
  127  17:45  Roach x7  
Tags
 
Add a new tag
Caveats
  • Supply blocks, unpowered buildings, or Contaminate may cause inaccurate times.
  • Supply counts are checked every 10 seconds.